 Dungeon Crawl Stone Soup version 0.30.0-5-g1a98f26d00 (webtiles) character file.

Game seed: 10162581328095346218

806 jimonade the Chopper (level 7, 0/49 HPs)
             Began as an Octopode Monk on May 10, 2023.
             Killed from afar by Blork the orc (12 damage)
             ... with a puff of frost
             ... on level 4 of the Dungeon.
             The game lasted 00:06:49 (2920 turns).

jimonade the Chopper (Octopode Monk)                Turns: 2920, Time: 00:06:50

Health: 0/49       AC:  1    Str: 18    XL:     7   Next: 91%
Magic:  7/7        EV: 20    Int: 18    God:
Gold:   115        SH:  0    Dex: 15    Spells: 6/6 levels left

rFire   . . .        a - +0 hand axe
rCold   . . .        c - orb {light}
rNeg    . . .        (helmet restricted)
rPois   .            (no amulet)
rElec   .            j - +4 ring of slaying
rCorr   .            n - +5 ring of evasion
SInv    .            k - +6 ring of strength
Will    .....        p - +6 ring of intelligence
Stlth   +            (no ring)
HPRegen 0.28/turn    (no ring)
MPRegen 0.10/turn    (no ring)
                     (no ring)

%: no passive effects
@: glowing
A: almost no armour, amphibious, 8 rings, camouflage 1, gelatinous body 1,
(nimble swimmer 1), tentacles
a: no special abilities


You were on level 4 of the Dungeon.
You visited 1 branch of the dungeon, and saw 4 of its levels.
You also visited: Sewer.

You collected 115 gold pieces.

Inventory:

Hand Weapons
 a - a +0 hand axe (weapon)
 l - a +0 sling
Armour
 c - an orb of light (worn)
Jewellery
 j - a +4 ring of slaying (left tentacle)
 k - a +6 ring of strength (on tentacle)
 n - a +5 ring of evasion (right tentacle)
 p - a +6 ring of intelligence (on tentacle)
Wands
 q - a wand of paralysis (4)
Scrolls
 m - 4 scrolls of teleportation
 o - a scroll of enchant weapon
 r - 2 scrolls of noise
 t - a scroll of fear
Potions
 b - a potion of ambrosia
 d - 2 potions of mutation {unknown}
 f - a potion of cancellation {unknown}
 g - 2 potions of might
 h - 2 potions of flight {unknown}
 i - 5 potions of curing
 s - a potion of haste {unknown}


   Skills:
 + Level 4.8 Fighting
 + Level 7.5 Axes
 + Level 4.5 Dodging


You had 6 spell levels left.
You didn't know any spells.
Your spell library contained the following spells:

 Spells                   Type           Power      Damage    Failure   Level
 Lesser Beckoning         Tloc           0%         N/A       32%         2
 Scorch                   Fire           0%         2d5       32%         2
 Gell's Gravitas          Tloc           0%         N/A       54%         3
 Teleport Other           Tloc           0%         N/A       54%         3
 Flame Wave               Conj/Fire      0%         2d4       91%         4
 Summon Cactus Giant      Summ           0%         N/A       100%        6


Dungeon Overview and Level Annotations

Branches:
Dungeon (4/15)              Sewer (visited)
 Temple: D:4-7

Altars:
Ashenzari
Wu Jian
The Shining One

Annotations:
D:4 Blork the orc


Innate Abilities, Weirdness & Mutations

You cannot wear most types of armour.
You are amphibious.
You can wear up to eight rings at the same time.
Your skin changes colour to match your surroundings (Stealth+).
Your rubbery body absorbs attacks. (AC +1, EV +1)
((You are camouflaged when in or above water. (Stealth+)))
You have tentacles for arms and can constrict up to eight enemies at once.


Message History

Found a leather armour.
The endoplasm quivers.
You hit the endoplasm.
The endoplasm is moderately wounded.
The endoplasm misses you.
You hit the endoplasm.
You kill the endoplasm!
A kobold comes into view. It is wielding a +0 whip.
The kobold throws a stone.
The stone barely misses you.
You see here a +0 mace.
Blork the orc, an orc priest and a hobgoblin come into view.
Blork the orc is wielding a +0 war axe of freezing.
Blork the orc shouts!
The orc priest shouts!
The hobgoblin shouts!
The kobold throws a stone.
The stone misses you.
Blork the orc gestures at you while chanting.
The puff of frost hits you!
You hit the kobold. You grab the kobold.
The kobold is moderately wounded.
You constrict the kobold.
You kill the kobold!
The hobgoblin completely misses you.
The orc priest hits you from afar with a +0 trident.
You barely miss the hobgoblin. You grab the hobgoblin.
You squeeze the hobgoblin.
You kill the hobgoblin!
Blork the orc casts a spell at you. The magic dart hits you.
The orc priest misses you.
Blork the orc points at you and mumbles some strange words.
The puff of flame hits you! The orc priest completely misses you.
You are too injured to fight recklessly!
You are too injured to fight recklessly!
You slash Blork the orc! You grab Blork the orc. You squeeze Blork the orc!
Blork the orc is severely wounded.
You barely miss the orc priest. You constrict Blork the orc.
The orc priest mumbles some strange prayers to Beogh against you.
Beogh smites you!
* * * LOW HITPOINT WARNING * * *
Blork the orc points at you and mumbles some strange words.
The puff of frost hits you!
You die...

#...# #.. #
#.####
#.###..#.
#....#
#........
#)...###.####
#....'.)....#
#....###)##.#
########.##.#
######o†.....#
#.....o@.)...#
#...........##
...............
######......###
#....### #...##
##..' ####


You could see Blork the orc and an orc priest.

Vanquished Creatures
  Grinder (D:3)
  Sigmund (D:3)
  Eustachio (D:4)
  Pargi (Sewer)
  2 orc priests (D:3)
  6 adders
  A river rat (D:3)
  3 worms
  2 dart slugs
  4 orcs
  8 endoplasms
  4 giant cockroaches
  8 goblins
  8 hobgoblins
  3 quokkas
  6 ball pythons
  3 bats
  6 kobolds
  6 rats
74 creatures vanquished.

Notes
Turn   | Place    | Note
-------+----------+-------------------------------------------
     0 | D:1      | jimonade the Octopode Monk began the quest for the Orb.
     0 | D:1      | Reached XP level 1. HP: 16/16 MP: 1/1
   122 | D:1      | Reached XP level 2. HP: 18/21 MP: 2/2
   369 | D:1      | Reached XP level 3. HP: 26/26 MP: 3/3
   969 | D:1      | Found an ornate altar of the Wu Jian Council.
  1359 | D:2      | Reached skill level 4 in Axes
  1359 | D:2      | Reached XP level 4. HP: 31/31 MP: 4/4
  1715 | D:3      | Found a broken altar of Ashenzari.
  1780 | D:3      | Noticed Grinder
  1787 | D:3      | Paralysed by Grinder for 5 turns
  1943 | D:3      | Reached XP level 5. HP: 14/37 MP: 5/5
  2096 | D:3      | Killed Grinder
  2097 | D:3      | Reached skill level 5 in Axes
  2097 | D:3      | Reached XP level 6. HP: 32/43 MP: 6/6
  2192 | D:3      | Noticed Sigmund
  2201 | D:3      | Killed Sigmund
  2202 | D:3      | Reached skill level 6 in Axes
  2202 | D:3      | Reached XP level 7. HP: 29/49 MP: 7/7
  2240 | D:3      | Found a glowing drain.
  2245 | Sewer    | Entered a sewer
  2496 | Sewer    | Noticed Pargi
  2500 | Sewer    | Killed Pargi
  2587 | D:3      | Reached skill level 7 in Axes
  2698 | D:3      | Found a glowing golden altar of the Shining One.
  2856 | D:4      | Noticed Eustachio
  2864 | D:4      | Killed Eustachio
  2914 | D:4      | Noticed Blork the orc
  2920 | D:4      | Killed from afar by Blork the orc

Illustrated notes

Levels and vault maps discovered:
D:1:      dpeg_arrival_lava_altar, layout_basic, minmay_misc_feat_alley,
          minmay_domino_2
D:2:      layout_basic
D:3:      layout_basic, ashenzari_altar_1, tso_altar, portal_sewer_entry_e,
          uniq_sigmund, uniq_grinder
D:4:      layout_basic, pdpol_temple_overflow_zin_treasury_gozag_greed,
          uniq_blork_the_orc, uniq_eustachio

Skill      XL: |  1  2  3  4  5  6  7 |
---------------+----------------------+-----
Axes           | 4 5 6 7 |  7.5
Fighting       | 4 |  4.8
Dodging        | 4 |  4.5

Action                     |  1- 3 |  4- 6 |  7- 9 || total
---------------------------+-------+-------+-------++-------
  Melee: Hand axe          |    52 |    30 |    44 ||   126
         Constrict         |    16 |    10 |    15 ||    41
         Tentacles         |    10 |     8 |    11 ||    29
         Punch             |       |     4 |     1 ||     5
    Use: Scroll            |       |     5 |     2 ||     7
   Stab: Sleeping          |       |     1 |     5 ||     6
 Armour: Skin              |     3 |     1 |     4 ||     8
  Dodge: Dodged            |    35 |    17 |    53 ||   105
